 Dungeon Crawl Stone Soup version 0.30-a0-802-gb92711bcdf (webtiles) character file.

Game seed: 2529788777940611093

821 Darkkill the Shooter (level 7, 0/62 HPs)
             Began as a Minotaur Hunter on Feb 24, 2023.
             Slain by a jelly (3 damage)
             ... on level 5 of the Dungeon.
             The game lasted 00:08:00 (3378 turns).

Darkkill the Shooter (Minotaur Hunter)              Turns: 3378, Time: 00:08:01

Health: 0/62       AC:  0    Str: 16    XL:     7   Next: 63%
Magic:  6/6        EV: 14    Int:  6    God:
Gold:   190        SH:  0    Dex: 15    Spells: 6/6 levels left

rFire   . . .      SeeInvis +    a - +2 shortbow
rCold   . . .      Faith    .    (shield currently unavailable)
rNeg    . . .      Spirit   .    c - +1 leather armour
rPois   .          Reflect  .    (helmet restricted)
rElec   .          Harm     .    (no cloak)
rCorr   .          Rampage  .    (no gloves)
Will    .....                    (no boots)
Stlth   ++                       (no amulet)
HPRegen 0.30/turn                n - ring of see invisible
MPRegen 0.10/turn                (no ring)

@: corroded
A: horns 2, retaliatory headbutt
a: no special abilities


You were on level 5 of the Dungeon.
You visited 1 branch of the dungeon, and saw 5 of its levels.
You also visited: Sewer.

You collected 190 gold pieces.

Inventory:

Hand Weapons
 a - a +2 shortbow (weapon)
Missiles
 d - 65 stones
 g - 2 throwing nets {=f !f}
Armour
 c - a +1 leather armour (worn)
Jewellery
 n - a ring of see invisible (left hand)
Wands
 s - a wand of paralysis (15)
Scrolls
 b - a scroll of immolation
 f - 3 scrolls of poison
 j - 3 scrolls of teleportation
 l - 2 scrolls of blinking
 r - 2 scrolls of enchant armour
Potions
 e - a potion of haste
 h - a potion of brilliance
 i - a potion of ambrosia
 k - 2 potions of curing {@q1}
 m - a potion of might {unknown}
 o - 2 potions of mutation
 q - 2 potions of lignification
 u - a potion of flight {unknown}
 v - a potion of magic {unknown}


   Skills:
 + Level 5.6 Fighting
 + Level 6.4 Ranged Weapons
 + Level 5.1 Dodging
 + Level 3.8 Stealth


You had 6 spell levels left.
You didn't know any spells.
Your spell library contained the following spells:

 Spells                   Type           Power      Damage    Failure   Level
 Blink                    Tloc           0%         N/A       67%         2
 Lesser Beckoning         Tloc           0%         N/A       67%         2
 Momentum Strike          Conj/Tloc      0%         3d8       67%         2
 Scorch                   Fire           0%         2d5       67%         2
 Flame Wave               Conj/Fire      0%         2d4       99%         4
 Summon Cactus Giant      Summ           0%         N/A       100%        6


Dungeon Overview and Level Annotations

Branches:
Dungeon (5/15)              Sewer (visited)
 Temple: D:4-7

Altars:
Qazlal
Ru
Yredelemnul

Shops:
D:1 (   D:4 (


Innate Abilities, Weirdness & Mutations

You have a pair of horns on your head.
You reflexively headbutt those who attack you in melee.


Message History

Aim: an orc, wielding a +0 short sword and wearing a +0 leather armour (66% to hit)
You shoot an arrow. The arrow barely misses the orc.
The hound barks!
Fire: a) +2 shortbow
Press: ? - help, Q - select action, (/) - cycle Shift-Dir - straight line, f/p - orc
Aim: an orc, wielding a +0 short sword and wearing a +0 leather armour (66% to hit)
You shoot an arrow. The arrow hits the orc!
You kill the orc!
Fire: a) +2 shortbow
Press: ? - help, Q - select action, (/) - cycle Shift-Dir - straight line, f - hound
Aim: a hound (57% to hit)
You shoot an arrow. The jelly quivers.
The arrow hits the hound!
The hound is heavily wounded.
The hound closely misses you.
Fire: a) +2 shortbow
Press: ? - help, Q - select action, (/) - cycle Shift-Dir - straight line, f/p - hound
Aim: a hound (heavily wounded, 57% to hit)
You shoot an arrow. The arrow hits the hound.
The hound is severely wounded.
The hound bites you but does no damage. x2
Fire: a) +2 shortbow
Press: ? - help, Q - select action, (/) - cycle Shift-Dir - straight line, f/p - hound
Aim: a hound (severely wounded, 57% to hit)
You shoot an arrow. The arrow misses the hound.
The hound bites you.
Fire: a) +2 shortbow
Press: ? - help, Q - select action, (/) - cycle Shift-Dir - straight line, f/p - hound
Aim: a hound (severely wounded, 57% to hit)
You shoot an arrow. The arrow closely misses the hound.
The arrow hits the phantom.
The phantom is moderately damaged.
The hound closely misses you. The hound completely misses you.
Fire: a) +2 shortbow
Press: ? - help, Q - select action, (/) - cycle Shift-Dir - straight line, f/p - hound
Aim: a hound (severely wounded, 57% to hit)
You shoot an arrow. The arrow barely misses the hound.
The arrow hits the phantom.
The phantom is moderately damaged.
The hound closely misses you. The hound misses you.
Fire: a) +2 shortbow
Press: ? - help, Q - select action, (/) - cycle Shift-Dir - straight line, f/p - hound
Aim: a hound (severely wounded, 57% to hit)
You shoot an arrow. The arrow hits the hound.
You kill the hound!
Fire: a) +2 shortbow
Press: ? - help, Q - select action, (/) - cycle Shift-Dir - straight line, f - phantom
Aim: a phantom (moderately damaged, 57% to hit)
You shoot an arrow. The arrow hits the phantom!
The phantom is heavily damaged.
The jelly jiggles.
The phantom hits you.
Fire: a) +2 shortbow
Press: ? - help, Q - select action, (/) - cycle Shift-Dir - straight line, f/p - phantom
Aim: a phantom (heavily damaged, 57% to hit)
You shoot an arrow. The arrow closely misses the phantom.
The arrow hits the steam dragon.
The steam dragon is lightly wounded.
The phantom hits you.
The phantom blinks!
You blink.
Fire: a) +2 shortbow
Press: ? - help, Q - select action, (/) - cycle Shift-Dir - straight line, f/p - phantom
Aim: a phantom (heavily damaged, 57% to hit)
You shoot an arrow. The arrow hits the phantom.
The phantom is severely damaged.
The phantom hits you.
The phantom blinks!
You blink.
The jelly barely misses you. x2
The steam dragon breathes steam at you. The ball of steam hits you!
Fire: a) +2 shortbow
Press: ? - help, Q - select action, (/) - cycle Shift-Dir - straight line, f/p - phantom
Aim: a phantom (severely damaged, 57% to hit)
You shoot an arrow. The arrow hits the phantom.
The phantom is severely damaged.
You are engulfed in a cloud of scalding steam.
The phantom misses you. You furiously retaliate!
You headbutt the phantom. The jelly hits you but does no damage.
The steam dragon bites you. The steam dragon claws you.
The jelly barely misses you.
Fire: a) +2 shortbow
Press: ? - help, Q - select action, (/) - cycle Shift-Dir - straight line, f/p - phantom
Aim: a phantom (almost destroyed, 57% to hit)
You shoot an arrow.
The arrow hits the phantom but does no damage.
The phantom is almost destroyed.
You are engulfed in a cloud of scalding steam.
* * * LOW HITPOINT WARNING * * *
The steam dragon bites you.
* * * LOW HITPOINT WARNING * * *
The steam dragon closely misses you. The jelly misses you.
The jelly barely misses you.
The phantom hits you but does no damage.
The steam dragon closely misses you. The steam dragon misses you.
The jelly hits you.
* * * LOW HITPOINT WARNING * * *
The acid corrodes you!
You are splashed with acid!
* * * LOW HITPOINT WARNING * * *
The phantom hits you.
* * * LOW HITPOINT WARNING * * *
The jelly hits you.
You die...

#####.#
#..####..###... #.#
#.##[.##.##...#
#)###.#[?.|#......#
#.[...#.|(!#..#.<.#
#..#####?.##.[###.#
#.##.###'##...#....
#.#.....#####.#....
#W##.###'/?(##.....
#D@#.#.#$(...#.....
##JJ...#.?...#.....
####..#.$...#.....
#..##.:.##.####
#...#####..####
##.#.....#.##..
#....##.#.##.#
#..#..#.#..... #.#
#.. .....#


You could see a steam dragon, a phantom and 2 jellies.

Vanquished Creatures
  3 ogres
  A necrophage (D:5)
  A gnoll bouda (D:5)
  3 hounds
  Terence (D:3)
  4 iguanas
  An orc wizard (D:5)
  6 adders
  5 gnolls
  4 river rats
  A shadow imp (D:4)
  An ufetubus (D:4)
  A worm (D:2)
  2 dart slugs
  7 orcs
  5 endoplasms
  4 giant cockroaches
  5 goblins
  4 hobgoblins
  11 jackals
  4 kobolds
  2 quokkas
  5 ball pythons
  6 bats
  7 frilled lizards
  15 rats
109 creatures vanquished.

Notes
Turn   | Place    | Note
-------+----------+-------------------------------------------
     0 | D:1      | Darkkill the Minotaur Hunter began the quest for the Orb.
     0 | D:1      | Reached XP level 1. HP: 18/18 MP: 0/0
    46 | D:1      | Reached skill level 1 in Stealth
   139 | D:1      | Reached XP level 2. HP: 25/25 MP: 1/1
   329 | D:1      | Found Mutacwon's Weapon Boutique.
   599 | D:2      | Reached XP level 3. HP: 31/31 MP: 2/2
  1468 | D:3      | HP: 5/31 [orc/+3 short sword (5)]
  1469 | D:3      | HP: 1/31 [orc/+3 short sword (4)]
  1565 | D:3      | Found a sacrificial altar of Ru.
  1571 | D:3      | Found a stormy altar of Qazlal.
  1572 | D:3      | Found a basalt altar of Yredelemnul.
  1610 | D:3      | Noticed Terence
  1619 | D:3      | Killed Terence
  1620 | D:3      | Reached XP level 4. HP: 22/38 MP: 3/3
  1772 | D:3      | Reached skill level 5 in Ranged Weapons
  1787 | D:3      | Identified the +2 short sword of Youthful Indiscretion
                  | {speed, rN+ Str+3}
  1960 | D:4      | Noticed an ogre
  1970 | D:4      | Killed an ogre
  1971 | D:4      | Reached XP level 5. HP: 39/46 MP: 4/4
  2220 | D:4      | Reached XP level 6. HP: 49/53 MP: 5/5
  2370 | D:4      | Found Tiufeism's Weapon Shop.
  2479 | D:5      | Entered Level 5 of the Dungeon
  2482 | D:5      | Noticed a steam dragon
  2669 | D:5      | Found a glowing drain.
  2677 | Sewer    | Entered a sewer
  3160 | D:5      | Reached skill level 6 in Ranged Weapons
  3160 | D:5      | Reached XP level 7. HP: 23/60 MP: 6/6
  3163 | D:5      | HP: 12/60 [gnoll/+0 spear[a gnoll bouda] (4)]
  3166 | D:5      | Reached skill level 5 in Fighting
  3361 | D:5      | Reached skill level 5 in Dodging
  3378 | D:5      | HP: 8/62 [acid (7)]
  3378 | D:5      | HP: 3/62 [phantom (5)]
  3378 | D:5      | Slain by a jelly

Illustrated notes

Levels and vault maps discovered:
D:1:      dpeg_arrival_rhombus, layout_rooms, serial_shops, shop
D:2:      kb_forest_paths, layout_basic
D:3:      layout_rooms, chequers_temple_overflow_statue_of_worship, uniq_terence
D:4:      layout_rooms, serial_shops, nicolae_shop_behind_doors
D:5:      layout_loops_cross, slow_altar_1, portal_sewer_entry_b,
          minmay_joined_circles, uniq_eustachio

Skill      XL: |  1  2  3  4  5  6  7 |
---------------+----------------------+-----
Stealth        | 1 2 3 |  3.8
Fighting       | 3 4 5 |  5.6
Dodging        | 3 4 5 |  5.1
Ranged Weapons | 5 6 |  6.4

Action                     |  1- 3 |  4- 6 |  7- 9 || total
---------------------------+-------+-------+-------++-------
   Fire: Shortbow          |   117 |   147 |    51 ||   315
    Use: Scroll            |    11 |     6 |       ||    17
         Potion            |     2 |     2 |     1 ||     5
 Armour: Leather armour    |    12 |     8 |     9 ||    29
  Dodge: Dodged            |    36 |    54 |    31 ||   121

Table legend: (Time is in decaauts)
 A = Elapsed time spent in this place.
 B = Non-inter-level travel time spent in this place.
 C = Inter-level travel time spent in this place.
 D = Time resting spent in this place.
 E = Time spent auto-exploring this place.
 F = Levels seen in this place.
 G = Mean time per level.
                   A        B        C        D        E       F      G
               +--------+--------+--------+--------+--------+-----+--------+
         Total |   3512 |   3400 |    112 |     89 |   2527 |   6 |  585.3 |
       Dungeon |   2997 |   2885 |    112 |     89 |   2200 |   5 |  599.4 |
         Sewer |    515 |    515 |      0 |      0 |    327 |   1 |  515.0 |
               +--------+--------+--------+--------+--------+-----+--------+

Top non-repeatable levels by time:
     D:2: 1019 daAuts
     D:3: 537 daAuts
     D:4: 531 daAuts
   Sewer: 515 daAuts
     D:5: 469 daAuts
     D:1: 439 daAuts

Table legend:
 A = Kills in this place as a percentage of kills in entire the game.
 B = Kills by you in this place as a percentage of kills by you in the entire game.
 C = Kills by friends in this place as a percentage of kills by friends in the entire game.
 D = Other kills in this place as a percentage of other kills in the entire game.
 E = Experience gained in this place as a percentage of experience gained in the entire game.
 F = Experience gained in this place divided by the number of levels of this place that you have seen.
                   A       B       C       D       E      F
               +-------+-------+-------+-------+-------+----------------------
         Total | 100.0 | 100.0 |   N/A |   N/A | 100.0 | 195.7
       Dungeon |  81.7 |  81.7 |   N/A |   N/A |  94.1 | 221.0
         Sewer |  18.3 |  18.3 |   N/A |   N/A |   5.9 |  69.0
               +-------+-------+-------+-------+-------+----------------------
